 Dungeon Crawl Stone Soup version 0.27.1-1-g398f81649c (webtiles) character file.

Game seed: 17910647873518062798

3196 Rickety the Covert (level 9, -1/39 HPs)
             Began as a Spriggan Enchanter on Sept 9, 2021.
             Was a Follower of Dithmenos.
             Slain by a manticore (5 damage)
             ... on level 8 of the Dungeon.
             The game lasted 00:28:38 (10341 turns).

Rickety the Covert (Spriggan Enchanter)            Turns: 10341, Time: 00:28:39

Health: -1/39      AC:  6    Str:  4    XL:     9   Next: 64%
Magic:  0/22       EV: 18    Int: 16    God:    Dithmenos [*.....]
Gold:   350        SH:  0    Dex: 19    Spells: 12/24 levels left

rFire    . . .     SeeInvis +   a - +1 dagger
rCold    . . .     Faith    .   (shield restricted)
rNeg     . . .     Spirit   +   b - +0 robe
rPois    .         Reflect  .   (helmet restricted)
rElec    .         Harm     .   (no cloak)
rCorr    .         Rampage  .   (gloves unavailable)
Will     +....                  (boots unavailable)
Stlth    +++++++...             v - amulet of guardian spirit
HPRegen  0.13/turn              q - ring of wizardry
MPRegen  0.18/turn              y - +4 ring of protection

@: about to teleport, spiked, wreathed by umbra, very quick
A: very small, no large weapons, unfitting armour, see invisible, speed 3
a: Renounce Religion


You were on level 8 of the Dungeon.
You worshipped Dithmenos.
Dithmenos was aware of your devotion.
You visited 2 branches of the dungeon, and saw 9 of its levels.

You collected 350 gold pieces.

Inventory:

Hand Weapons
 a - a +1 dagger (weapon)
 f - the +8 fustibalus of Fear {venom, rPois rF- Str+2 Dex+5}
   (You found it on level 4 of the Dungeon)

   Any ammunition fired from it poisons the flesh of those it strikes.
   Str:       It affects your strength (+2).
   Dex:       It affects your dexterity (+5).
   rF:        It makes you vulnerable to fire.
   rPois:     It protects you from poison.
Missiles
 m - 75 poisoned darts
 o - 3 throwing nets
Armour
 b - a +0 robe (worn)
 p - a +0 buckler
Jewellery
 q - a ring of wizardry (left hand)
 v - an amulet of guardian spirit (around neck)
 y - a +4 ring of protection (right hand)
Wands
 r - a wand of acid (4)
 w - a wand of flame (23)
 x - a wand of mindburst (29)
Scrolls
 d - a scroll of holy word {unknown}
 u - a scroll of silence {unknown}
 z - a scroll of enchant armour {unknown}
Potions
 c - a potion of invisibility
 g - 2 potions of haste
 h - 2 potions of mutation
 i - 2 potions of heal wounds {unknown}
 j - 2 potions of berserk rage
 k - 4 potions of might
 n - 2 potions of magic {unknown}
 s - 2 potions of cancellation {unknown}
 t - a potion of brilliance {unknown}


   Skills:
 - Level 0.1 Fighting
 + Level 1.4 Short Blades
 * Level 3.0 Dodging
 + Level 14.1 Stealth
 * Level 8.3 Spellcasting
 * Level 2.4 Conjurations
 * Level 7.7 Hexes
 - Level 2.3 Ice Magic
 + Level 1.1 Evocations


You had 12 spell levels left.
You knew the following spells:

 Your Spells              Type           Power      Damage    Failure   Level
a - Corona                Hex            34%        N/A       1%          1
b - Ensorcelled Hibernat  Hex/Ice        44%        N/A       1%          2
c - Confusing Touch       Hex            31%        N/A       1%          3
d - Tukima's Dance        Hex            31%        N/A       1%          3
f - Dazzling Flash        Conj/Hex       46%        N/A       1%          3

Your spell library contained the following spells:

 Spells                   Type           Power      Damage    Failure   Level
 Shock                    Conj/Air       40%        1d5       2%          1
 Sublimation of Blood     Necr           3%         N/A       7%          2
 Swiftness                Air            6%         N/A       13%         3
 Airstrike                Air            3%         N/A       38%         4
 Petrify                  Tmut/Erth      6%         N/A       38%         4
 Irradiate                Conj/Tmut      5%         3d15      56%         5


Dungeon Overview and Level Annotations

Branches:
Dungeon (8/15)             Temple (1/1) D:4
   Lair: D:8-11

Altars:
Ashenzari
Cheibriados
Dithmenos
Elyvilon
Fedhas
Gozag
Hepliaklqana
Kikubaaqudgha
Makhleb
Okawaru
Qazlal
Ru
Trog
Uskayaw
Vehumet
Wu Jian
Yredelemnul
The Shining One

Shops:
D:1 (


Innate Abilities, Weirdness & Mutations

You are very small and have problems with some larger weapons.
You are too small for most types of armour.
You have supernaturally acute eyesight. (SInv)
You cover ground extremely quickly. (Speed+++)


Message History

Press: ? - help, Shift-Dir - straight line, f/p - manticore
Aim: a manticore (chance to affect: 34%)
The manticore easily resists.
The manticore flicks its tail.
The volley of spikes hits you.
The barbed spikes become lodged in your body.
Casting: Ensorcelled Hibernation (safe; 1% risk of failure)
Confirm with . or Enter, or press ? or * to list all spells.
Aiming: Ensorcelled Hibernation (safe; 1% risk of failure)
Press: ? - help, Shift-Dir - straight line, f/p - manticore
Aim: a manticore (chance to affect: 34%)
The manticore easily resists.
Casting: Ensorcelled Hibernation (safe; 1% risk of failure)
Confirm with . or Enter, or press ? or * to list all spells.
Aiming: Ensorcelled Hibernation (safe; 1% risk of failure)
Press: ? - help, Shift-Dir - straight line, f/p - manticore
Aim: a manticore (umbra, chance to affect: 34%)
The manticore easily resists.
The manticore misses you. x2
The manticore claws you.
Casting: Ensorcelled Hibernation (safe; 1% risk of failure)
Confirm with . or Enter, or press ? or * to list all spells.
Aiming: Ensorcelled Hibernation (safe; 1% risk of failure)
Press: ? - help, Shift-Dir - straight line, f/p - manticore
Aim: a manticore (umbra, chance to affect: 34%)
The manticore easily resists.
The manticore bites you. The manticore claws you.
The manticore claws you but does no damage.
You feel better. The manticore barely misses you. x3
As you read the scroll of teleportation, it crumbles to dust.
You feel strangely unstable. The manticore misses you. The manticore claws you.
The manticore claws you!
* * * LOW HITPOINT WARNING * * *
Okay, then.
A manticore is nearby!
Casting: Ensorcelled Hibernation (safe; 1% risk of failure)
Confirm with . or Enter, or press ? or * to list all spells.
You don't have enough magic to cast this spell.
You feel better. The manticore bites you!!
* * * LOW HITPOINT WARNING * * *
The manticore misses you. The manticore claws you.
You die...

#..............#....
#..........########.
####............##.....
..##..............###.
#.#.)............###.
#.))###.########.....
#.#.# #.# #..<..
H.##H###.# #####.)..
#####..@...# ##...).)..
#.....)########....#....
#......# #.........##.
#......# #.#######.###
#####..## ##.# ## #....
##..###..#######..##
##).....+.._..'..#
###.##.###.###..# #....#
#..#


You could see a manticore.

Vanquished Creatures
  6 yaks
  3 water moccasins
  An orc warrior (D:8)
  An ice beast (D:7)
  A black bear (D:4)
  A necrophage (D:4)
  An ogre (D:5)
  A centaur (D:8)
  4 phantoms
  A kobold brigand (D:8)
  A wyvern zombie (D:7)
  A scorpion (D:5)
  2 water moccasin zombies (D:6)
  3 centaur zombies
  4 bullfrog zombies (D:6)
  A centaur skeleton (D:7)
  4 bullfrog skeletons
  3 hounds
  2 jellies
  An orc wizard (D:8)
  3 iguanas
  Terence (D:3)
  2 killer bee zombies
  4 gnolls (D:3)
  5 adders
  An ufetubus (D:4)
  2 adder skeletons (D:4)
  5 worms
  A dart slug (D:1)
  12 orcs
  12 endoplasms
  6 giant cockroaches
  7 goblins
  7 hobgoblins
  15 kobolds
  5 quokkas
  3 ball pythons
  4 bats
  4 frilled lizards
  5 rats
146 creatures vanquished.

Vanquished Creatures (others)
  4 toadstools (D:2)
  2 withered plants (D:6)
6 creatures vanquished.

Grand Total: 152 creatures vanquished

Notes
Turn   | Place    | Note
-------+----------+-------------------------------------------
     0 | D:1      | Rickety the Spriggan Enchanter began the quest for the Orb.
     0 | D:1      | Reached XP level 1. HP: 9/9 MP: 5/5
   442 | D:1      | Found Xeedghu's Antique Weapon Boutique.
   483 | D:1      | Reached XP level 2. HP: 13/13 MP: 6/6
   534 | D:1      | Learned a level 2 spell: Ensorcelled Hibernation
   543 | D:1      | Reached skill level 5 in Stealth
  1522 | D:1      | Reached XP level 3. HP: 14/16 MP: 0/8
  1686 | D:2      | Reached skill level 6 in Stealth
  1850 | D:2      | Reached skill level 1 in Ice Magic
  1974 | D:2      | Reached XP level 4. HP: 21/21 MP: 9/9
  2051 | D:2      | Learned a level 3 spell: Tukima's Dance
  2831 | D:3      | Reached skill level 7 in Stealth
  3507 | D:3      | Noticed Terence
  3509 | D:3      | Killed Terence
  3510 | D:3      | Reached skill level 8 in Stealth
  3694 | D:3      | Reached XP level 5. HP: 24/24 MP: 5/10
  4224 | D:4      | Reached skill level 9 in Stealth
  4253 | D:4      | Noticed a necrophage
  4258 | D:4      | Killed a necrophage
  4259 | D:4      | Reached XP level 6. HP: 28/28 MP: 11/11
  4327 | D:4      | Reached skill level 10 in Stealth
  4687 | D:4      | Learned a level 3 spell: Confusing Touch
  4836 | D:4      | Found a staircase to the Ecumenical Temple.
  4842 | Temple   | Entered the Ecumenical Temple
  4855 | Temple   | Became a worshipper of Dithmenos the Shadowed
  5021 | D:4      | Identified the +8 fustibalus of Fear {venom, rPois rF-
                  | Str+2 Dex+5}
  5216 | D:4      | Noticed a water moccasin
  5219 | D:4      | Killed a water moccasin
  5220 | D:4      | Reached skill level 11 in Stealth
  5230 | D:4      | Reached XP level 7. HP: 32/32 MP: 5/12
  5571 | D:5      | Entered Level 5 of the Dungeon
  6203 | D:5      | Reached skill level 12 in Stealth
  6203 | D:5      | Reached skill level 5 in Hexes
  6251 | D:5      | Reached XP level 8. HP: 29/36 MP: 11/16
  6257 | D:5      | Learned a level 3 spell: Dazzling Flash
  6881 | D:6      | Reached * piety under Dithmenos
  6911 | D:6      | Reached skill level 5 in Spellcasting
  7460 | D:6      | Reached skill level 13 in Stealth
  7460 | D:6      | Reached skill level 1 in Conjurations
  8663 | D:7      | Found a broken altar of Ashenzari.
  8663 | D:7      | Found a sacrificial altar of Ru.
  8827 | D:7      | Reached XP level 9. HP: 39/39 MP: 16/20
  9020 | D:7      | Reached skill level 14 in Stealth
  9169 | D:7      | Found a radiant altar of Vehumet.
  9406 | D:7      | Reached skill level 1 in Evocations
  9853 | D:8      | Found a glowing golden altar of the Shining One.
 10325 | D:8      | Noticed a manticore
 10341 | D:8      | Slain by a manticore

Illustrated notes

Levels and vault maps discovered:
D:1:      psy_arrival_radial01, layout_basic, serial_shops,
          nicolae_shop_behind_doors
D:2:      layout_basic, minmay_gold_behind_fungi
D:3:      layout_basic, uniq_terence
D:4:      layout_gridville, temple_statues
D:5:      layout_basic, minmay_misc_feat_hallway, minmay_crossroads
D:6:      layout_cave_pods, serial_undead, serial_undead_e, serial_undead_b,
          serial_undead_f, serial_undead_f, serial_undead_f, serial_undead_a,
          serial_undead_a
D:7:      layout_rooms, vehumet_altar_wand_db, grunt_temple_overflow_open,
          serial_glass, glass_columns_b, glass_columns_b
D:8:      layout_rooms, lemuel_doored_altar, marbit_many_paths,
          lemuel_blue_sif_altar, kennysheep_just_a_vault
Temple:   zaba_magenta_temple

Skill      XL: |  1  2  3  4  5  6  7  8  9 |
---------------+----------------------------+-----
Hexes          | 4 5 6 7 |  7.7
Stealth        | 5 6 8 9 11 12 13 14 | 14.1
Ice Magic      | 1 2 |  2.3
Spellcasting   | 3 4 6 8 |  8.3
Conjurations   | 1 2 |  2.4
Evocations     | 1 |  1.1
Dodging        | 3 |  3.0
Fighting       | |  0.1
Short Blades   | |  1.4

Action                   |  1- 3 |  4- 6 |  7- 9 || total
-------------------------+-------+-------+-------++-------
Melee: Dagger            |    96 |   127 |   253 ||   476
 Cast: Corona            |     5 |     3 |     3 ||    11
       Ensorcelled Hiber |    21 |    34 |    50 ||   105
       Confusing Touch   |       |       |    25 ||    25
Evoke: Wand              |       |       |     1 ||     1
  Use: Scroll            |       |     7 |     5 ||    12
       Potion            |       |       |     2 ||     2
 Stab: Sleeping          |    20 |    38 |    38 ||    96
       Distracted        |       |     2 |     1 ||     3
       Confused          |       |       |    21 ||    21
Armor: Robe              |     5 |    12 |    23 ||    40
Dodge: Dodged            |    72 |    93 |   198 ||   363
